 Dungeon Crawl Stone Soup version 0.18-a0-921-g28655ce (webtiles) character file.

84484 4thArraOfDagon the Severer (level 14, -2/135 HPs)
             Began as a Deep Dwarf Berserker on Dec 27, 2015.
             Was a Priest of Trog.
             Slain by an alligator (6 damage)
             ... on level 3 of the Swamp.
             The game lasted 00:54:29 (7013 turns).

4thArraOfDagon the Severer (Deep Dwarf Berserker)   Turns: 7013, Time: 00:54:30

Health: -2/135     AC: 26    Str: 23    XL:     14   Next: 98%
Magic:  19/19      EV:  8    Int:  7    God:    Trog [***...]
Gold:   547        SH:  0    Dex: 13    Spells: 0 memorised, 13 levels left

rFire  . . .     SeeInvis .     u - +3 battleaxe (freeze)
rCold  . . .     Gourm    .     w - +0 plate armour
rNeg   + + .     Faith    .     (shield currently unavailable)
rPois  +         Spirit   .     g - +2 hat
rElec  .         Dismiss  .     (no cloak)
rCorr  .         Reflect  .     M - +1 pair of gloves
SustAt .         Harm     .     (no boots)
MR     +++++     Clarity  +     J - amulet of the Four Winds {rN+ MR+++ Clar}
Stlth  ..........               (no ring)
                                p - ring of poison resistance

@: exhausted, non-regenerating, slowed, very slow, almost entirely resistant to
hostile enchantments, extremely unstealthy
A: damage resistance, recharge devices, rough black scales 1, thin metallic
scales 1, thin skeletal structure 1, dopey 1, low mp 1, negative energy
resistance 1, sense surroundings 2, screaming 1, slow regeneration 3, weak 1,
evolution 2
a: Device Recharging, Berserk, Trog's Hand, Burn Spellbooks, Renounce Religion
}: 1/15 runes: serpentine


You were on level 3 of the Swamp.
You worshipped Trog.
Trog was most pleased with you.
You were not hungry.

You visited 5 branches of the dungeon, and saw 32 of its levels.
You also visited: Labyrinth and Volcano.

You collected 1855 gold pieces.
You spent 1272 gold pieces at shops.

Inventory:

Hand Weapons
 u - a +3 battleaxe of freezing (weapon)
 y - the +7 great mace of Hyasch {crush, rElec}
   (You found it in a labyrinth)

   It inflicts extra damage upon your enemies.
   It insulates you from electricity.
 K - a +2 battleaxe of draining
 P - a +3 broad axe of freezing
 Y - a +1 scimitar of flaming
Missiles
 b - 16 curare-tipped needles
Armour
 g - a +2 hat (worn)
 w - a +0 plate armour (worn)
 A - a +1 scale mail of cold resistance
 M - a +1 pair of gloves (worn)
 U - a +2 chain mail of fire resistance
Jewellery
 p - a ring of poison resistance (left hand)
 x - an uncursed ring of teleportation
 B - an uncursed ring of ice
 C - a +2 ring of dexterity
 J - the amulet of the Four Winds (around neck) {rN+ MR+++ Clar}
   (You found it on level 15 of the Dungeon)

   [amulet of nothing]

   It protects you from negative energy.
   It affects your resistance to hostile enchantments.
   It protects you against confusion.
 L - an uncursed ring of see invisible
 N - an uncursed amulet of dismissal {unknown}
 O - a +4 ring of protection
 R - an uncursed ring of fire
 W - an uncursed amulet of harm {unknown}
Wands
 c - a wand of heal wounds (2/9)
 i - a wand of digging (13/24)
 r - a wand of invisibility (2/9)
 D - a wand of enslavement (8/24)
 I - a wand of paralysis (7/24)
 Z - a wand of digging (17/24)
Scrolls
 d - 2 scrolls of recharging
 e - 3 scrolls of magic mapping
 h - 7 scrolls of teleportation
 n - a scroll of blinking
 s - 10 scrolls of noise
 G - 2 scrolls of brand weapon
 S - a scroll of remove curse
 T - 4 scrolls of enchant weapon
Potions
 j - a potion of flight
 k - 2 potions of agility
 l - a potion of cancellation
 m - 3 potions of curing
 o - a potion of ambrosia
 v - a potion of might
 z - a potion of cure mutation {unknown}
 Q - 2 potions of berserk rage {unknown}
 V - a potion of lignification
 X - a potion of brilliance
Books
 f - a book of Annihilations

   Spells                             Type                      Level
   a - Poison Arrow                   Conjuration/Poison           6
   b - Chain Lightning                Conjuration/Air              8
   c - Lehudib's Crystal Spear        Conjuration/Earth            8
   d - Glaciate                       Conjuration/Ice              9
   e - Fire Storm                     Conjuration/Fire             9
   Trog disapproves of the use of such an item.
 t - a book of Enchantments

   Spells                             Type                      Level
   a - Cause Fear                     Hexes                        4
   b - Yara's Violent Unravelling     Hexes/Transmutation          5
   c - Silence                        Hexes/Air                    5
   d - Deflect Missiles               Charms/Air                   6
   e - Haste                          Charms                       6
   f - Discord                        Hexes                        8
   Trog disapproves of the use of such an item.
 E - a book of Annihilations

   Spells                             Type                      Level
   a - Poison Arrow                   Conjuration/Poison           6
   b - Chain Lightning                Conjuration/Air              8
   c - Lehudib's Crystal Spear        Conjuration/Earth            8
   d - Glaciate                       Conjuration/Ice              9
   e - Fire Storm                     Conjuration/Fire             9
   Trog disapproves of the use of such an item.
 F - an Akashic Record

   Spells                             Type                      Level
   a - Dispersal                      Translocation                6
   b - Malign Gateway                 Summoning/Translocation      7
   c - Disjunction                    Translocation                8
   d - Controlled Blink               Translocation                8
   Trog disapproves of the use of such an item.
 H - a book of Dreams

   Spells                             Type                      Level
   a - Ensorcelled Hibernation        Hexes/Ice                    2
   b - Phase Shift                    Translocation                5
   c - Shadow Creatures               Summoning                    5
   d - Silence                        Hexes/Air                    5
   e - Darkness                       Hexes                        6
   f - Mass Confusion                 Hexes                        6
   Trog disapproves of the use of such an item.
Comestibles
 a - 8 bread rations


   Skills:
 + Level 11.5 Fighting
 * Level 18.3 Axes
 + Level 13.4 Armour
 - Level 2.1 Dodging
 - Level 13.3 Evocations


You had 13 spell levels left.
You didn't know any spells.

Dungeon Overview and Level Annotations

Branches:
Dungeon (15/15)              Lair (8/8) D:11          Swamp (3/4) Lair:4
  Snake (4/4) Lair:4          Orc (2/2) D:11            Elf (0/3) Orc:2
 Temple: D:4-7        Slime: Lair:6-8    Vaults: D:13-14     Depths: D:15

Altars:
Ashenzari
Gozag
Kikubaaqudgha
Makhleb
Nemelex Xobeh
Trog
Vehumet
Xom
Beogh

Shops:
D:6 %   D:11 (   D:15 (   Orc:1 =   Orc:2 :(?!

Annotations:
D:6 4thArraOfDagon's ghost, amateur FoAK; Dowan; Duvessa
D:8 Grum
D:13 VAULTs
D:15 DRAG ARMOURS
Lair:3 George's ghost, journeyman MiGl
Lair:7 exclusion: upstairs
Swamp:2 exclusion: Roxanne, Roxanne


Innate Abilities, Weirdness & Mutations

You are resistant to damage.
You can recharge devices by infusing magical energy.
You resist negative energy.
You passively map the area around you.
You do not regenerate naturally.
You are partially covered in rough black scales (AC +4, Dex -1).
You are partially covered in thin metallic scales (AC +2).
You have a somewhat thin skeletal structure (Dex +2, Stealth).
You are dopey. (Int -2)
Your magical capacity is low (-10% MP).
You occasionally shout uncontrollably at your foes.
You are weak. (Str -2)
You rapidly evolve.


Message History

* * * LOW HITPOINT WARNING * * *
The alligator tail-slaps you but does no damage.
The giant leech bites you but does no damage.
Unknown command.
Evoke which item? (* to show all) (? for menu, Esc to quit)
That item cannot be evoked!
There are monsters nearby!
Unknown command.
Evoke which item? (* to show all) (? for menu, Esc to quit)
Zapping:
I - a wand of paralysis (8/24)
Press: ? - help, Shift-Dir - straight line, f - alligator
Aim: an alligator (covering ground quickly, chance to defeat MR: 54%)
The alligator resists with significant effort.
This wand has 7 charges left.
The alligator bites you but does no damage.
The alligator tail-slaps you but does no damage.
The giant leech bites you!!
* * * LOW HITPOINT WARNING * * *
The alligator bites you!
You die...

......≈≈.≈≈≈ *.≈ ≈
♣.≈≈≈§.*
≈†...≈≈≈$.≈.♣♣♣. ,,
≈≈≈≈≈.≈♣
.≈...≈≈≈≈≈≈≈.♣≈♣
≈≈≈≈....
P...≈§≈≈≈≈≈≈≈..♣♣ **
≈≈≈§≈...
P≈≈≈.≈≈..≈≈≈≈≈.≈♣♣
*≈ ,≈ ≈≈≈.....
≈≈≈≈.........>.♣≈♣ ≈
≈§..≈≈≈≈
≈≈≈≈≈≈♣♣>.♣♣♣††.♣♣
≈, ♣♣≈≈≈≈≈≈
≈≈≈≈♣♣♣♣.≈.≈≈≈≈≈≈♣*
,,, ≈w≈≈≈≈≈≈ ≈≈≈.♣
≈.≈≈.≈≈≈≈@♣ ♣≈≈≈≈≈≈≈
....≈ *♣≈≈≈.≈≈≈wt♣♣
♣♣≈.≈...
.♣♣♣♣♣*..≈§.≈≈≈.≈≈♣
*♣......
*♣....≈≈≈≈..≈.≈≈≈≈,*
≈. ♣♣♣♣♣...♣≈|≈.≈≈≈≈
≈* * ♣♣♣♣♣♣♣......≈
≈ ,,* ≈ ** * * **
≈≈≈♣♣. ≈ ≈,≈ , ,
.≈≈≈♣ , ≈ * * ≈,
,*≈...♣ * * *


You could see an alligator and a giant leech.

Vanquished Creatures
  Agnes (D:14)
  A thorn hunter (Swamp:3)
  A minotaur (Lab)
  An ettin (Orc:2)
  4 hydras
  A naga warrior (Snake:1)
  4 centaur warriors
  3 anacondas
  A catoblepas (Lair:8)
  3 alligators
  4 ogre magi (Orc:2)
  7 death yaks
  A hell knight (Volcano)
  4 naga ritualists
  A lindwurm (Lair:8)
  3 hill giants
  3 orc knights
  8 orc sorcerers
  5 mana vipers
  3 salamanders
  An ugly thing (D:11)
  2 deep elf magi
  21 black mambas
  4 cyclopes
  4 manticores
  2 griffons (Lair:8)
  A centaur zombie (D:9)
  A gargoyle (D:14)
  9 spiny frogs
  6 komodo dragons
  2 centaur skeletons
  6 trolls
  2 fire drakes
  A bog body (Swamp:3)
  2 two-headed ogres (Orc:1)
  3 blink frogs
  Grinder (D:4)
  A trapdoor spider (D:11)
  3 vampire mosquitoes (Swamp:2)
  A fire elemental (Volcano)
  28 yaks
  3 hippogriffs (Lair:8)
  A hungry ghost (D:11)
  3 wyverns
  3 wargs
  5 wolves
  A basilisk (Lair:8)
  8 insubstantial wisps
  2 swamp worms (Swamp:3)
  A naga (Snake:1)
  A mottled dragon (D:11)
  A soldier ant (D:10)
  4 hell hounds (Volcano)
  4 porcupines
  4 water moccasins
  20 orc warriors
  3 ice beasts
  A necrophage (D:10)
  11 ogres
  A wasp (D:14)
  10 centaurs (D:14)
  2 big kobolds (D:8)
  8 crocodiles
  6 giant frogs
  6 killer bees (D:11)
  A scorpion (D:11)
  15 wights
  10 orc priests
  2 giant frog zombies
  5 hounds
  A giant frog skeleton (D:6)
  4 iguanas
  28 orc wizards
  4 worker ants
  5 sheep (Lair:5)
  2 hound skeletons
  2 gnolls (D:8)
  3 adders
  4 shadow imps
  23 river rats
  An ooze (D:1)
  A giant gecko (D:3)
  75 orcs
  2 giant cockroaches
  5 jackals
  3 ball pythons (Lair:4)
  5 bats
  A giant gecko skeleton (D:8)
  A giant gecko zombie (D:6)
  14 kobolds
  5 rats
  3 briar patches (Swamp:3)
  2 fungi (D:11)
  2 plants (D:11)
498 creatures vanquished.

Vanquished Creatures (collateral kills)
  A shock serpent (Snake:4)
  An orc wizard (Orc:2)
  2 orcs (Orc:2)
4 creatures vanquished.

Vanquished Creatures (others)
  An orc wizard (Orc:2)
  5 briar patches (Swamp:3)
  4 fungi (D:11)
10 creatures vanquished.

Grand Total: 512 creatures vanquished

Notes
Turn   | Place    | Note
--------------------------------------------------------------
     0 | D:1      | 4thArraOfDagon the Deep Dwarf Berserker began the quest for the Orb.
     0 | D:1      | Reached XP level 1. HP: 20/20 MP: 1/1
   114 | D:2      | Reached XP level 2. HP: 24/27 MP: 2/2
   189 | D:2      | Found a bloodstained altar of Trog.
   208 | D:3      | Reached skill level 4 in Axes
   208 | D:3      | Reached XP level 3. HP: 32/34 MP: 3/3
   300 | D:4      | Found an opulent altar of Gozag.
   309 | D:4      | Reached XP level 4. HP: 27/42 MP: 4/4
   343 | D:4      | Noticed an ogre
   345 | D:4      | Noticed Grinder
   368 | D:4      | Killed Grinder
   368 | D:4      | Reached skill level 5 in Axes
   368 | D:4      | Reached XP level 5. HP: 50/50 MP: 5/5
   368 | D:4      | Reached XP level 6. HP: 57/57 MP: 6/6
   372 | D:4      | Reached ** piety under Trog
   375 | D:4      | Reached skill level 6 in Axes
   457 | D:5      | Entered Level 5 of the Dungeon
   520 | D:6      | Reached skill level 1 in Evocations
   541 | D:6      | Reached XP level 7. HP: 29/64 MP: 6/8
   569 | D:6      | Noticed 4thArraOfDagon's ghost (amateur FoAK)
   634 | D:6      | Found Arui's Food Shoppe.
   698 | D:6      | Reached skill level 7 in Axes
   698 | D:6      | Reached skill level 5 in Armour
   713 | D:6      | Noticed Dowan
   714 | D:6      | Noticed Duvessa
   775 | D:7      | uhh
   833 | D:7      | Mashchax: siemanko
   836 | D:7      | Found a shattered altar of Ashenzari.
   904 | D:8      | 4thArraOfDagon: hej
   920 | D:8      | Reached XP level 8. HP: 45/73 MP: 9/9
   999 | D:8      | Noticed Grum
  1014 | D:9      | Reached skill level 5 in Fighting
  1014 | D:9      | Reached skill level 8 in Axes
  1073 | D:10     | Entered Level 10 of the Dungeon
  1117 | D:10     | Reached *** piety under Trog
  1161 | D:10     | uhh
  1196 | D:10     | jacquesderrida: Samuil Marshak
  1200 | D:10     | jacquesderrida: Our favourite slavic poet
  1203 | D:10     | jacquesderrida: Welcome to dagon
  1284 | D:8      | no axe
  1284 | D:8      | :(
  1417 | D:9      | Mashchax: Thanks for thy word o blessed redeemer
  1433 | D:9      | Reached skill level 9 in Axes
  1433 | D:9      | Reached skill level 5 in Evocations
  1435 | D:9      | Found a sparkling altar of Nemelex Xobeh.
  1498 | D:8      | Gained mutation: You passively map the area around you. [Deep Dwarf growth]
  1498 | D:8      | Reached XP level 9. HP: 82/82 MP: 11/11
  1513 | D:8      | ok
  1578 | D:9      | Noticed a centaur zombie
  1587 | D:9      | Killed a centaur zombie
  1678 | D:10     | Reached skill level 10 in Axes
  1744 | D:10     | Noticed a hill giant
  1756 | D:10     | Killed a hill giant
  1817 | D:11     | Reached XP level 10. HP: 88/92 MP: 14/14
  1824 | D:11     | Reached skill level 11 in Axes
  1852 | D:11     | Found a staircase to the Lair.
  1884 | D:11     | Found Sysebe's Weapon Shoppe.
  1884 | D:11     | Found a staircase to the Orcish Mines.
  1884 | D:11     | Noticed a manticore
  1891 | D:11     | Killed a manticore
  2073 | Orc:1    | Entered Level 1 of the Orcish Mines
  2130 | Orc:1    | Found Udwyariy's Jewellery Boutique.
  2137 | Orc:1    | Bought a cursed ring of teleportation for 188 gold pieces
  2188 | Orc:1    | Noticed an orc sorcerer
  2193 | Orc:1    | Killed an orc sorcerer
  2234 | Orc:1    | BLOAX: https://www.youtube.com/watch?v=R0OwQlZJZPk
  2236 | Orc:1    | BLOAX: hi
  2268 | Orc:2    | Entered Level 2 of the Orcish Mines
  2268 | Orc:2    | Noticed an orc knight
  2268 | Orc:2    | Noticed an orc sorcerer
  2272 | Orc:2    | Killed an orc sorcerer
  2272 | Orc:2    | Reached skill level 12 in Axes
  2275 | Orc:2    | Killed an orc knight
  2275 | Orc:2    | Reached XP level 11. HP: 100/100 MP: 16/16
  2316 | Orc:2    | Found a labyrinth entrance.
  2327 | Lab      | Entered a labyrinth
  2338 | Lab      | 4thArraOfDagon: hi
  2338 | Lab      | BLOAX: great album right there
  2338 | Lab      | BLOAX: additional bonus of an uncannily not-bruce dickinson singer
  2338 | Lab      | 4thArraOfDagon: liege lord i dont know this one
  2338 | Lab      | BLOAX: I didn't either until today.
  2475 | Lab      | Noticed a minotaur
  2479 | Lab      | Killed a minotaur
  2482 | Lab      | Got a steaming great mace
  2515 | Lab      | BLOAX: I just heard it on the chat-requested music of some guy's stream that I watch every now and then.
  2515 | Lab      | Identified the +7 great mace of Hyasch {crush, rElec} (You found it in a labyrinth)
  2523 | Lab      | BLOAX: and wondered what kind of fucking iron maiden album that was from
  2523 | Lab      | BLOAX: turns out it wasn't iron maiden at all
  2523 | Lab      | 4thArraOfDagon: yea
  2523 | Lab      | 4thArraOfDagon: but its heavily-influenced
  2523 | Lab      | 4thArraOfDagon: that is close to Fear of the Dark actually
  2532 | Orc:2    | Noticed an ettin
  2553 | Orc:2    | Killed an ettin
  2558 | Orc:2    | no hitten
  2604 | Orc:2    | BLOAX: Fear of the Dark only came four years later.
  2650 | Orc:2    | Mashchax: nice
  2650 | Orc:2    | 4thArraOfDagon: hmmm
  2650 | Orc:2    | BLOAX: Master Control is a great song.
  2650 | Orc:2    | 4thArraOfDagon: i sense some King Diamond influence as well
  2650 | Orc:2    | 4thArraOfDagon: now its 2nd track
  2650 | Orc:2    | 4thArraOfDagon: slower one
  2809 | Orc:2    | Found a staircase to the Elven Halls.
  2862 | Orc:2    | BLOAX: I'm definitely hearing a little bit of Powerslave in there.
  2890 | Orc:2    | Reached skill level 13 in Axes
  2955 | Orc:2    | BLOAX: good bit faster though
  2986 | Orc:2    | Noticed an ogre mage
  2999 | Orc:2    | Killed an ogre mage
  2999 | Orc:2    | Reached skill level 10 in Evocations
  3017 | Orc:2    | Noticed an ogre mage
  3017 | Orc:2    | Noticed an ogre mage
  3018 | Orc:2    | Found Xymu's Antique Weapon Shop.
  3029 | Orc:2    | Killed an ogre mage
  3032 | Orc:2    | Killed an ogre mage
  3038 | Orc:2    | Reached skill level 10 in Armour
  3068 | Orc:2    | Found Elyten's Distillery.
  3076 | Orc:2    | Bought a potion of curing for 39 gold pieces
  3076 | Orc:2    | Bought a potion of might for 52 gold pieces
  3092 | Orc:2    | Found a radiant altar of Vehumet.
  3094 | Orc:2    | Noticed an ogre mage
  3103 | Orc:2    | Killed an ogre mage
  3122 | Orc:2    | Reached XP level 12. HP: 112/112 MP: 18/18
  3150 | Orc:2    | 4thArraOfDagon: `this is amazing discovery
  3150 | Orc:2    | BLOAX: Would've been amazing if this is what IM was doing today.
  3150 | Orc:2    | BLOAX: but it isn't :(
  3177 | Orc:2    | Found a roughly hewn altar of Beogh.
  3177 | Orc:2    | Found Zoosutul's Magic Scroll Shop.
  3178 | Orc:2    | BLOAX: instead they're going slow and snoozy
  3178 | Orc:2    | Found Aceczoto's Book Boutique.
  3183 | Orc:2    | Reached skill level 14 in Axes
  3188 | Orc:2    | Found an ancient bone altar of Kikubaaqudgha.
  3197 | Orc:2    | BLOAX: pois, drain, corr, slow
  3201 | Orc:2    | BLOAX: good status effects
  3238 | Orc:2    | 4thArraOfDagon: `
  3238 | Orc:2    | Bought a scroll of brand weapon for 260 gold pieces
  3238 | Orc:2    | Bought a scroll of recharging for 123 gold pieces
  3238 | Orc:2    | Bought a scroll of recharging for 123 gold pieces
  3274 | Orc:2    | Bought 2 potions of mutation for 65 gold pieces
  3274 | Orc:2    | Bought a potion of mutation for 32 gold pieces
  3274 | Orc:2    | Gained mutation: Scrolls take you a little longer to read. [potion of mutation]
  3274 | Orc:2    | Gained mutation: You are partially covered in thin metallic scales (AC +2). [potion of mutation]
  3274 | Orc:2    | Gained mutation: You are partially covered in rough black scales (AC +4, Dex -1). [potion of mutation]
  3275 | Orc:2    | Lost mutation: Scrolls take you a little longer to read. [potion of mutation]
  3275 | Orc:2    | Gained mutation: You evolve. [potion of mutation]
  3276 | Orc:2    | Gained mutation: You occasionally shout uncontrollably at your foes. [potion of mutation]
  3276 | Orc:2    | Gained mutation: You have a somewhat thin skeletal structure (Dex +2, Stealth). [potion of mutation]
  3277 | Orc:2    | BLOAX: Kill the King sounds Virgin Steele as fuck.
  3277 | Orc:2    | BLOAX: great muts
  3277 | Orc:2    | 4thArraOfDagon: what about other albums
  3277 | Orc:2    | 4thArraOfDagon: is that the only pearl in the ocean
  3277 | Orc:2    | BLOAX: different singer
  3277 | Orc:2    | 4thArraOfDagon: ahh
  3363 | Orc:1    | free drain!
  3609 | D:11     | Found a burning altar of Makhleb.
  3829 | D:12     | BLOAX: The other albums are likely good old speed/power metal goodness.
  3837 | D:13     | Found Venogawn's Weapon Shop.
  3854 | D:13     | thx
  3881 | D:15     | Entered Level 15 of the Dungeon
  3881 | D:15     | Found Efuocw's Antique Weapon Shop.
  3886 | D:15     | Noticed a centaur warrior
  3888 | D:15     | Bought a glowing battleaxe for 195 gold pieces
  3893 | D:15     | Killed a centaur warrior
  3902 | D:15     | BLOAX: The vocals are definitely better on Master Control though.
  3947 | D:15     | Gained mutation: You rapidly evolve. [potion of beneficial mutation]
  3963 | D:15     | BLOAX: kool
  3998 | D:15     | BLOAX: oh my
  4047 | D:15     | 4thArraOfDagon: dragon armours
  4047 | D:15     | 4thArraOfDagon: hmm
  4047 | D:15     | 4thArraOfDagon: no ench armour anyway
  4047 | D:15     | 4thArraOfDagon: i wont risk that early
  4064 | D:15     | Bought a runed battleaxe for 195 gold pieces
  4108 | D:14     | Found a shimmering altar of Xom.
  4109 | D:14     | Found a shimmering altar of Xom.
  4114 | D:14     | Reached **** piety under Trog
  4152 | D:14     | Reached skill level 15 in Axes
  4186 | D:14     | Noticed a centaur warrior
  4187 | D:14     | Noticed a centaur warrior
  4194 | D:14     | Killed a centaur warrior
  4195 | D:14     | Killed a centaur warrior
  4230 | D:14     | Noticed a centaur warrior
  4238 | D:14     | Killed a centaur warrior
  4238 | D:14     | Reached XP level 13. HP: 108/121 MP: 19/21
  4376 | D:14     | Noticed Agnes
  4391 | D:14     | Killed Agnes
  4508 | Lair:1   | Entered Level 1 of the Lair of Beasts
  4550 | Lair:1   | Gained mutation: Your body sometimes deteriorates upon taking damage. [evolution]
  4771 | Lair:2   | Reached skill level 10 in Fighting
  4841 | Lair:3   | Noticed George's ghost (journeyman MiGl)
  5082 | Lair:6   | BLOAX: .
  5082 | Lair:6   | BLOAX: ok https://dl.dropboxusercontent.com/u/63152810/1397255183383.png
  5087 | Lair:6   | Found a dark tunnel.
  5093 | Volcano  | Entered a volcano
  5221 | Volcano  | Reached skill level 16 in Axes
  5294 | Lair:6   | Drew Focus: Str increased to 25, Int decreased to 9
  5377 | Lair:7   | jacquesderrida: Dear blorx...
  5377 | Lair:7   | jacquesderrida: That was awful.....
  5377 | Lair:7   | jacquesderrida: т.т
  5377 | Lair:7   | BLOAX: amazing
  5377 | Lair:7   | BLOAX: .
  5438 | Lair:8   | Entered Level 8 of the Lair of Beasts
  5499 | Lair:8   | Gained mutation: You are weak. (Str -2) [evolution]
  5637 | Lair:8   | Gained mutation: You resist negative energy. [Deep Dwarf growth]
  5637 | Lair:8   | Reached XP level 14. HP: 133/133 MP: 22/22
  5969 | Lair:5   | Reached skill level 17 in Axes
  6057 | Lair:4   | Found a staircase to the Snake Pit.
  6097 | Lair:4   | Found a staircase to the Swamp.
  6167 | Snake:1  | Entered Level 1 of the Snake Pit
  6198 | Snake:1  | Reached ***** piety under Trog
  6203 | Snake:1  | HP: 2/135 [naga ritualist/scimitar of venom (5)]
  6204 | Snake:1  | rly
  6385 | Snake:3  | Lost mutation: Your body sometimes deteriorates upon taking damage. [helix card]
  6385 | Snake:3  | Gained mutation: Your magical capacity is low (-10% MP). [helix card]
  6507 | Snake:4  | Entered Level 4 of the Snake Pit
  6511 | Snake:4  | Noticed a greater naga
  6511 | Snake:4  | Noticed a greater naga
  6511 | Snake:4  | Noticed a greater naga
  6514 | Snake:4  | Got a serpentine rune of Zot
  6554 | Snake:4  | Reached skill level 18 in Axes
  6575 | Snake:4  | why
  6576 | Snake:4  | HP: 6/135 [shock serpent/bolt of electricity (11)]
  6752 | Swamp:1  | Entered Level 1 of the Swamp
  6825 | Swamp:2  | Noticed Roxanne
  6845 | Swamp:2  | Gained mutation: You are dopey. (Int -2) [evolution]
  6941 | Swamp:3  | Noticed a thorn hunter
  6982 | Swamp:3  | Noticed a thorn hunter
  6989 | Swamp:3  | Killed a thorn hunter
  7013 | Swamp:3  | HP: 4/135 [giant leech (16)]
  7013 | Swamp:3  | Slain by an alligator

Vault maps used:
D:1:      dpeg_arrival_solitude, st_stairs_7
D:2:      lemuel_doored_altar, grunt_temple_overflow_open, grunt_pakellas_sulfur
D:3:      kennysheep_another_room
D:4:      nicolae_overflow_crystal_walls, uniq_grinder
D:5:      nicolae_ru_awakened_eye, minmay_temple_entry_fiery, first_bread,
          grunt_ministairs_1, uniq_crazy_yiuf_cottage
D:6:      lemuel_crystal_altar, serial_shops, shop, uniq_duvessa, uniq_eustachio
D:7:      ashenzari_conservatory_becter, old_standard_altar, enter_ossuary_4,
          grunt_livestock
D:8:      gammafunk_temple_overflow_claw, special_room, uniq_erica, uniq_grum
D:9:      nemelex_deck, grunt_potential
D:10:     serial_shops, nicolae_shop_statue_plus, minmay_misc_feat_enclosed
D:11:     due_lair_maze_entry_diamond, orc_david_3, basic_altar, uniq_erolcha
D:13:     minmay_imperfect_grid, david_vaults_4, serial_shops,
          nicolae_shop_temple_entry_statues_fountains
D:14:     xom_redecorated, uniq_agnes
D:15:     grunt_enter_depths_hoard, serial_bayou_shore_a, serial_shops,
          shop_statue
Lair:3:   nicolae_quartered_pool_medium, lemuel_another_geyser,
          lemuel_fruit_fields
Lair:4:   swamp_mist, minmay_snake_entry_six_corridors, serial_bayou_lagoon_b
Lair:5:   grunt_forest_small_clearing_treed
Lair:6:   enter_volcano_4, lemuel_fruit_tree, grunt_megastairs_4
Lair:8:   hangedman_lair_in_review, hangedman_lair_caniforms_friends,
          nicolae_slime_entry_slimehenge, serial_bayou_pond_c
Swamp:1:  wheals_swamp_sinkhole, hangedman_swamp_wriggling
Swamp:2:  nicolae_swamp_triple_paths, uniq_roxanne
Swamp:3:  portal_ice_cave_entry_frozen_things, evilmike_swamp_ruin_rubble_2
Snake:1:  serial_shops, nicolae_shop_crystal, nicolae_shop_behind_doors, shop,
          shop
Snake:4:  snake_pit, basic_altar
Orc:1:    serial_shops, nicolae_shop_waterfront
Orc:2:    kennysheep_orc_mage_school, lab_entry_generic
Lab:      labyrinth_fake_exit, nicolae_lab_dead_end, labyrinth_skeletal_remains,
          lab_block, nicolae_lab_very_dead_end, nicolae_lab_quarters
Volcano:  volcano_pools

Action                   |  1- 3 |  4- 6 |  7- 9 | 10-12 | 13-15 || total
-------------------------+-------+-------+-------+-------+-------++-------
Melee: Hand axe          |    24 |    52 |   166 |       |       ||   242
       Battleaxe         |       |       |    33 |   366 |   552 ||   951
       Scimitar          |       |       |       |       |    14 ||    14
Invok: Berserk           |     2 |     3 |    15 |    24 |    19 ||    63
       Trog's Hand       |       |       |    20 |    41 |    44 ||   105
       Burn Spellbooks   |       |       |     1 |       |       ||     1
       Brothers in Arms  |       |       |       |       |     1 ||     1
 Abil: Device Recharging |       |       |     1 |       |     1 ||     2
       Evoke Teleportati |       |       |       |     1 |    18 ||    19
Evoke: Wand              |       |     3 |     5 |     2 |     9 ||    19
       Deck              |       |       |       |       |     4 ||     4
  Use: Scroll            |       |     4 |     8 |     5 |    11 ||    28
       Potion            |       |     1 |     1 |     4 |     4 ||    10
 Stab: Sleeping          |       |       |       |       |     1 ||     1
  Eat: Chunk             |       |     3 |    12 |    36 |    14 ||    65
       Pizza             |       |       |     1 |       |     2 ||     3
       Bread ration      |       |       |     2 |       |     1 ||     3
       Meat ration       |       |       |     1 |     1 |     2 ||     4
       Fruit             |       |       |       |       |    13 ||    13
       Royal jelly       |       |       |       |       |     1 ||     1
       Beef jerky        |       |       |       |       |     1 ||     1
